 Dungeon Crawl Stone Soup version 0.31-a0-221-gbddc013574 (webtiles) character file.

Game seed: 13448727060621823050

548 qw the Chopper (level 7, -3/44 HPs)
             Began as a Gargoyle Fighter on July 4, 2023.
             Slain by a gnoll
             ... wielding a +0 halberd
             ... led by a gnoll bouda
              (4 damage)
             ... on level 5 of the Dungeon.
             The game lasted 00:01:55 (3852 turns).

qw the Chopper (Gargoyle Fighter)                   Turns: 3852, Time: 00:01:55

Health: -3/44      AC: 14    Str: 21    XL:     7   Next: 28%
Magic:  7/7        EV:  9    Int:  9    God:
Gold:   214        SH:  4    Dex:  9    Spells: 6/6 levels left

rFire   . . .        Y - +1 war axe
rCold   . . .        c - +0 buckler
rNeg    + . .        b - +0 scale mail
rPois   inf          p - +1 helmet
rElec   +            k - +0 cloak
rCorr   .            (no gloves)
SInv    .            (no boots)
Will    .....        n - amulet of faith Stlth
                     (no ring)
HPRegen 0.27/turn    (no ring)
MPRegen 0.10/turn

%: faith
@: no status effects
A: sickness immunity, AC +4, negative energy resistance 1, electricity
resistance, torment resistance 1, petrification resistance
a: no special abilities


You were on level 5 of the Dungeon.
You visited 1 branch of the dungeon, and saw 5 of its levels.

You collected 214 gold pieces.


Innate Abilities, Weirdness & Mutations

You are immune to sickness and miasma.
Your stone body is resilient. (AC +4)
You are immune to poison.
You resist negative energy. (rN+)
You are resistant to electric shocks. (rElec)
You are resistant to unholy torment.
You are immune to petrification.


   Skills:
 - Level 5.4 Fighting
 + Level 5.8 Axes
 - Level 3.2 Armour
 - Level 1.0 Dodging
 - Level 3.2 Shields


You had 6 spell levels left.
You didn't know any spells.
Your spell library was empty.

Inventory:

Hand Weapons
 l - a +0 morningstar
 Y - a +1 war axe (weapon)
Missiles
 e - a boomerang (quivered)
Armour
 b - a +0 scale mail (worn)
 c - a +0 buckler (worn)
 k - a +0 cloak (worn)
 p - a +1 helmet (worn)
Jewellery
 n - an amulet of faith (around neck)
Scrolls
 o - a scroll of identify
Potions
 a - a potion of mutation {unknown}
 d - a potion of might
 f - a potion of curing {unknown}
 g - a potion of berserk rage {unknown}
 h - a potion of haste {unknown}
 i - a potion of attraction {unknown}
 j - a potion of heal wounds {unknown}
 r - a potion of enlightenment {unknown}

Dungeon Overview and Level Annotations

Branches:
Dungeon (5/15)
 Temple: D:4-7

Altars:
Kikubaaqudgha
Yredelemnul
The Shining One

Annotations:
D:5 Blork the orc


Message History

The gnoll bouda hits you but does no damage.
You block the gnoll's attack.
A quokka comes into view.
The quokka closely misses you. You block the gnoll's attack.
You block the gnoll bouda's attack. The orc barely misses you.
The gnoll hits you from afar with a +0 halberd!
Blork the orc screams, "You are the ugliest creature I've ever seen!"
You hit the gnoll.
The gnoll is severely wounded.
You slash the quokka!
You kill the quokka!
You hit the orc. You hit the gnoll bouda.
The gnoll bouda hits you with a +0 whip.
The orc hits you but does no damage. The gnoll hits you with a +0 whip.
The gnoll closely misses you. The adder bites you.
You slash the gnoll!
You kill the gnoll!
You barely miss the adder. You barely miss the orc. You slash the gnoll bouda!
The adder bites you but does no damage. The orc hits you but does no damage.
You block the gnoll bouda's attack. The gnoll barely misses you.
Blork the orc casts a spell.
Blork the orc seems to speed up.
You slash the gnoll bouda!
You kill the gnoll bouda!
You hit the adder. You hit the orc. The adder bites you but does no damage.
You block the gnoll's attack. The orc barely misses you.
Blork the orc hits you but does no damage.
The adder barely misses you.
You barely miss the orc.
The orc is heavily wounded.
You slash the adder!
You kill the adder!
You completely miss Blork the orc. Blork the orc casts a spell at you.
The magic dart hits you. You block the gnoll's attack.
The orc hits you but does no damage.
Blork the orc hits you with a +0 long sword.
The gnoll hits you from afar with a +0 halberd.
You die...

######## ..##.o@...#
....hgoog..#
...#.g.....#########
$....r.>...........#
...##......#######.#
## ##.............#
....###.#####..##
.o## #.# #..# ^..
#.. #..#


You could see Blork the orc (fast), a black bear, 3 gnolls, 2 orcs and a quokka.

Vanquished Creatures
  Sigmund (D:4)
  A hound (D:5)
  A sleepcap (D:3)
  2 gnoll boudas
  2 orc wizards
  7 gnolls
  7 adders
  An ufetubus (D:4)
  3 worms
  3 dart slugs
  10 orcs
  6 ball pythons
  4 bats
  3 endoplasms
  10 goblins
  4 hobgoblins
  11 kobolds
  2 quokkas
  A frilled lizard (D:2)
  7 rats
  A spectral orc (D:4)
87 creatures vanquished.

Notes
Turn   | Place    | Note
-------+----------+-------------------------------------------
     0 | D:1      | qw the Gargoyle Fighter began the quest for the Orb.
     0 | D:1      | Reached XP level 1. HP: 14/14 MP: 1/1
     0 | D:1      | 0 ||| qw: Version: 0.3-a-41-g9d075ac
     0 | D:1      | 0 ||| qw: Game counter: 784
     0 | D:1      | 0 ||| qw: Melee chars always use a shield: true
     0 | D:1      | 0 ||| qw: God list: Okawaru
     0 | D:1      | 0 ||| qw: Allow faded altars: false
     0 | D:1      | 0 ||| qw: Do Orc after clearing Dungeon:15 true
     0 | D:1      | 0 ||| qw: Do second Lair branch before Depths: true
     0 | D:1      | 0 ||| qw: Lair rune preference: random
     0 | D:1      | 0 ||| qw: Goals: Normal, Zot:1-4, Slime:5, God:TSO, Crypt,
                  | Tomb, Abyss, Pan, Hells, Win
     0 | D:1      | 0 ||| PLANNING D:1-11
     6 | D:1      | Noticed a merfolk zombie
    55 | D:1      | 55 ||| FLEEEEING.
    56 | D:1      | 56 ||| FLEEEEING.
    57 | D:1      | 57 ||| FLEEEEING.
    58 | D:1      | 58 ||| FLEEEEING.
    86 | D:1      | 86 ||| Stepping ~*~*~tactically~*~*~ (hiding).
    87 | D:1      | 87 ||| Stepping ~*~*~tactically~*~*~ (hiding).
   315 | D:1      | Reached XP level 2. HP: 14/19 MP: 2/2
   429 | D:1      | 429 ||| Stepping ~*~*~tactically~*~*~ (stealth).
   459 | D:1      | 459 ||| FLEEEEING.
   488 | D:1      | 488 ||| DROPPING +0 club.
   592 | D:1      | 592 ||| Stepping ~*~*~tactically~*~*~ (hiding).
   864 | D:1      | 864 ||| READING scroll labelled QETOXTOELE.
   922 | D:2      | 922 ||| STAIRDANCE
   925 | D:1      | Reached skill level 3 in Axes
  1096 | D:2      | Reached XP level 3. HP: 23/23 MP: 3/3
  1161 | D:2      | Reached XP level 4. HP: 22/28 MP: 4/4
  1389 | D:2      | Found an ancient bone altar of Kikubaaqudgha.
  1405 | D:2      | 1405 ||| Stepping ~*~*~tactically~*~*~ (stealth).
  1806 | D:2      | 1806 ||| UPGRADING to +0 cloak.
  1811 | D:2      | 1811 ||| DROPPING ring of flight.
  1812 | D:2      | 1812 ||| READING scroll labelled JAGRAN TUASEOTT.
  1877 | D:3      | 1877 ||| DROPPING +0 whip.
  1878 | D:3      | 1878 ||| DROPPING +0 mace.
  1949 | D:3      | Found a faded altar of an unknown god.
  2002 | D:3      | 2002 ||| Stepping ~*~*~tactically~*~*~ (stealth).
  2004 | D:3      | 2004 ||| Stepping ~*~*~tactically~*~*~ (stealth).
  2062 | D:3      | 2062 ||| Stepping ~*~*~tactically~*~*~ (stealth).
  2095 | D:3      | 2095 ||| FLEEEEING.
  2096 | D:3      | 2096 ||| FLEEEEING.
  2097 | D:3      | 2097 ||| FLEEEEING.
  2100 | D:3      | 2100 ||| FLEEEEING.
  2101 | D:3      | 2101 ||| FLEEEEING.
  2102 | D:3      | 2102 ||| FLEEEEING.
  2106 | D:3      | 2106 ||| FLEEEEING.
  2115 | D:3      | 2115 ||| FLEEEEING.
  2119 | D:3      | 2119 ||| FLEEEEING.
  2125 | D:3      | 2125 ||| STAIRDANCE
  2179 | D:2      | 2179 ||| READING scroll labelled JUG TORIASIEZU.
  2185 | D:3      | Reached XP level 5. HP: 32/32 MP: 5/5
  2189 | D:3      | 2189 ||| STAIRDANCE
  2371 | D:3      | 2371 ||| Stepping ~*~*~tactically~*~*~ (hiding).
  2554 | D:3      | 2554 ||| Stepping ~*~*~tactically~*~*~ (stealth).
  2580 | D:3      | 2580 ||| Stepping ~*~*~tactically~*~*~ (stealth).
  2593 | D:3      | 2593 ||| Stepping ~*~*~tactically~*~*~ (hiding).
  2718 | D:3      | 2718 ||| UPGRADING to amulet of faith.
  2723 | D:3      | 2723 ||| READING scroll labelled JIODAHECW.
  2767 | D:4      | 2767 ||| STAIRDANCE
  3002 | D:4      | Noticed Sigmund
  3003 | D:4      | 3003 ||| Stepping ~*~*~tactically~*~*~ (hiding).
  3029 | D:4      | Killed Sigmund
  3030 | D:4      | Reached XP level 6. HP: 14/40 MP: 6/6
  3178 | D:4      | Reached skill level 1 in Dodging
  3181 | D:4      | HP: 7/40 [gnoll bouda/+0 whip (5)]
  3182 | D:4      | 3182 ||| READING scroll of teleportation.
  3185 | D:4      | Reached XP level 7. HP: 6/44 MP: 7/7
  3283 | D:4      | 3283 ||| Stepping ~*~*~tactically~*~*~ (stealth).
  3347 | D:4      | Found a glowing golden altar of the Shining One.
  3578 | D:4      | Found a basalt altar of Yredelemnul.
  3730 | D:4      | 3730 ||| UPGRADING to +0 helmet.
  3735 | D:4      | 3735 ||| READING scroll labelled OCEWNA HIAL.
  3736 | D:4      | 3736 ||| READING 2 scrolls labelled POFAT VATE.
  3737 | D:4      | 3737 ||| READING scroll of enchant armour.
  3737 | D:4      | 3737 ||| ENCHANTING +0 helmet.
  3738 | D:4      | 3738 ||| READING scroll labelled VYPNUA IRHURONN.
  3769 | D:5      | Entered Level 5 of the Dungeon
  3836 | D:5      | 3836 ||| Stepping ~*~*~tactically~*~*~ (stealth).
  3844 | D:5      | Noticed Blork the orc
  3852 | D:5      | HP: 7/44 [Blork the orc/magic dart (6)]
  3852 | D:5      | HP: 1/44 [Blork the orc/+0 long sword (6)]
  3852 | D:5      | Slain by a gnoll

Levels and vault maps discovered:
D:1:      shiori_arrival_whats_in_store_for_you, layout_basic,
          lexackson_kobold_supper
D:2:      layout_loops_corners, basic_altar, minmay_circle_x
D:3:      layout_loops_cross, shapermc_ecumenical_altar_gd
D:4:      layout_rooms, tso_metal_star, yredelemnul_forgotten_temple_becter,
          serial_forest, infiniplex_forest_join, infiniplex_forest_zigzag_1,
          infiniplex_forest_corner_1, infiniplex_forest_straight_3,
          infiniplex_forest_lined_room_2, infiniplex_forest_corner_2,
          infiniplex_forest_straight_4, patterned_corridor, uniq_sigmund
D:5:      layout_rooms, gammafunk_ghost_gnarly_gnolls, uniq_blork_the_orc

Skill      XL: |  1  2  3  4  5  6 |
---------------+-------------------+-----
Axes           | 2 3 4 5 |  5.8
Fighting       | 5 |  5.4
Dodging        | 1 |  1.0
Armour         | |  3.2
Shields        | |  3.2

Action                     |  1- 3 |  4- 6 |  7- 9 || total
---------------------------+-------+-------+-------++-------
  Melee: War axe           |   133 |   133 |    36 ||   302
  Throw: Boomerang         |     1 |    67 |    11 ||    79
    Use: Scroll            |     1 |     4 |     4 ||     9
 Armour: Scale mail        |    74 |    77 |    22 ||   173
  Dodge: Dodged            |    67 |    56 |    25 ||   148
  Block: Buckler           |    33 |    10 |    18 ||    61

Table legend:
 A = Non-vault XP
 B = Vault XP
 C = Vault XP percentage of total XP
 D = Non-vault monster count
 E = Vault monster count
 F = Vault count percentage of total count
                 A         B        C        D         E       F
            +---------+---------+-------+---------+---------+-------
      Total |     532 |     264 |  33.2 |      73 |      14 |  16.1
            +---------+---------+-------+---------+---------+-------
        D:1 |      20 |      10 |  33.3 |      10 |       8 |  44.4
        D:2 |      93 |      30 |  24.4 |      14 |       4 |  22.2
        D:3 |     143 |       0 |   0.0 |      26 |       0 |   0.0
        D:4 |     133 |     224 |  62.7 |      13 |       2 |  13.3
        D:5 |     143 |       0 |   0.0 |      10 |       0 |   0.0
            +---------+---------+-------+---------+---------+-------
